 Dungeon Crawl Stone Soup version 0.29.0-15-g675c0067aa (webtiles) character file.

Game seed: 1206561371029328713

1422 KamiKatze the Cleaver (level 8, 0/48 HPs)
             Began as a Gargoyle Fighter on Sept 11, 2022.
             Slain by a tentacled starspawn (25 damage)
             ... on level 1 of the Abyss.
             The game lasted 00:13:08 (4395 turns).

KamiKatze the Cleaver (Gargoyle Fighter)            Turns: 4395, Time: 00:13:09

Health: 0/48       AC: 13    Str: 22    XL:     8   Next: 72%
Magic:  8/8        EV:  9    Int:  9    God:
Gold:   204        SH:  4    Dex:  9    Spells: 7/7 levels left

rFire   . . .      SeeInvis .   a - +0 war axe
rCold   + . .      Faith    .   c - +0 buckler
rNeg    + . .      Spirit   .   b - +1 scale mail
rPois   ∞          Reflect  .   (no helmet)
rElec   +          Harm     .   (no cloak)
rCorr   .          Rampage  .   (no gloves)
Will    .....                   (no boots)
Stlth   ..........              k - amulet of regeneration
HPRegen 0.96/turn               n - ring of protection from cold
MPRegen 0.11/turn               (no ring)

@: no status effects
A: sickness immunity, AC +5, negative energy resistance 1, electricity
resistance, torment resistance 1, petrification resistance
a: no special abilities


You were on level 1 of the Abyss.
You visited 1 branch of the dungeon, and saw 5 of its levels.
You visited the Abyss 1 time.

You collected 251 gold pieces.
You spent 47 gold pieces at shops.

Inventory:

Hand Weapons
 a - a +0 war axe (weapon)
 h - a +0 flail
 u - a +1 spear of venom
 x - a +2 flail of holy wrath
 y - a +0 morningstar
Missiles
 f - 47 stones (quivered)
Armour
 b - a +1 scale mail (worn)
 c - a +0 buckler (worn)
 t - a +0 chain mail
Jewellery
 i - a +6 ring of intelligence
 k - an amulet of regeneration (around neck)
 l - the amulet of Disaster {*Slow Regen+ MP+9 Str+4 SInv}
   (You found it on level 2 of the Dungeon)

   [amulet of regeneration]

   Str:       It affects your strength (+4).
   MP:        It affects your magic capacity (+9).
   SInv:      It lets you see invisible.
   Regen:     It increases your rate of health regeneration.
   *Slow:     It may slow you when you take damage.
 n - a ring of protection from cold (left hand)
Wands
 w - a wand of quicksilver (11)
Scrolls
 e - 2 scrolls of poison
 g - 6 scrolls of teleportation
 m - a scroll of blinking
Potions
 d - a potion of might
 j - a potion of ambrosia {unknown}
 o - 2 potions of brilliance
 p - 3 potions of heal wounds
 q - a potion of flight
 r - 4 potions of magic
 s - a potion of lignification {unknown}
 v - 2 potions of curing
 z - a potion of attraction


   Skills:
 - Level 4.0 Fighting
 * Level 8.3 Axes
 - Level 2.0 Throwing
 - Level 4.0 Armour
 - Level 4.0 Shields
 - Level 3.0 Evocations


You had 7 spell levels left.
You didn't know any spells.
Your spell library contained the following spells:

 Spells                   Type           Power      Damage    Failure   Level
 Apportation              Tloc           0%         N/A       80%         1
 Necrotise                Necr           0%         1d4       80%         1
 Summon Small Mammal      Summ           0%         N/A       80%         1
 Call Canine Familiar     Summ           0%         N/A       99%         3
 Portal Projectile        Hex/Tloc       0%         N/A       99%         3
 Tukima's Dance           Hex            0%         N/A       99%         3
 Leda's Liquefaction      Hex/Erth       0%         N/A       100%        4
 Passage of Golubria      Tloc           0%         N/A       100%        4
 Yara's Violent Unravell  Hex/Tmut       0%         3d3       100%        5


Dungeon Overview and Level Annotations

Branches:
Dungeon (5/15)
 Temple: D:4-7

Altars:
Okawaru
Uskayaw

Shops:
D:1 *


Innate Abilities, Weirdness & Mutations

You are immune to sickness and miasma.
Your stone body is resilient. (AC +5)
You are immune to poison.
You resist negative energy. (rN+)
You are resistant to electric shocks. (rElec)
You are resistant to unholy torment.
You are immune to petrification.


Message History

The small abomination hits you. The starspawn tentacle misses you.
A starspawn tentacle comes into view.
You barely miss the small abomination.
The small abomination is moderately damaged.
You hit the starspawn tentacle but do no damage.
You hit the white imp.
The small abomination barely misses you.
The white imp barely misses you. The starspawn tentacle grabs you.
The starspawn tentacle constricts you.
You hit the starspawn tentacle but do no damage.
You barely miss the tentacled starspawn.
The starspawn tentacle loses its grip on you.
You barely miss the white imp.
The white imp hits you but does no damage.
The starspawn tentacle barely misses you.
You closely miss the white imp.
The white imp is heavily wounded.
You hit the tentacled starspawn but do no damage.
You barely miss the starspawn tentacle.
The white imp hits you but does no damage.
The tentacled starspawn bites you!
The tentacled starspawn tentacle-slaps you.
The starspawn tentacle grabs you. The starspawn tentacle constricts you.
The white imp hits you. The white imp freezes you. You resist.
You are too injured to fight recklessly!
You are too injured to fight recklessly!
You are too injured to fight recklessly!
Unknown command.
You escape the starspawn tentacle's grasp.
The tentacled starspawn attacks as you move away!
The tentacled starspawn closely misses you.
The tentacled starspawn barely misses you.
The white imp attacks as you move away! The white imp barely misses you.
You hit the starspawn tentacle.
The starspawn tentacle is lightly damaged.
You hit the tentacled starspawn.
The starspawn tentacle barely misses you.
The tentacled starspawn bites you!!
Ouch! That really hurt!
You die...

..# . .# ## #
#.##.. .##....##
#. . ... #.# .
#.....##. ##. ##
#.... .##....#.#
.# .. .##..
#.#..#.##.# .##.
##...#.#.─.## .
# #..#.
.#.#<##w.# ..
##.....##x5X@..#
# #.#.#.#.#...#
#. .######..+
..#§# #.+ #. ##
. . ..


You could see a tentacled starspawn, a small abomination, a starspawn tentacle
and a white imp.

Vanquished Creatures
  Pikel (D:4)
  Sigmund (D:3)
  Menkaure (D:4)
  An ogre (D:4)
  2 lemures (D:4)
  A phantom (D:5)
  A scorpion (D:5)
  A howler monkey (D:4)
  An orc priest (D:4)
  A hound (D:4)
  A gnoll bouda (D:4)
  2 iguanas
  Natasha (thrice) (D:2)
  4 adders
  6 gnolls
  2 ufetubi
  A worm (D:2)
  2 dart slugs
  9 orcs
  3 bats
  10 endoplasms
  2 giant cockroaches (D:1)
  7 goblins
  8 hobgoblins
  18 jackals
  4 quokkas
  5 ball pythons
  6 frilled lizards
  7 kobolds
  7 rats
118 creatures vanquished.

Vanquished Creatures (others)
  A plant (Abyss:1)
  3 starspawn tentacles (Abyss:1)
4 creatures vanquished.

Grand Total: 122 creatures vanquished

Notes
Turn   | Place    | Note
-------+----------+-------------------------------------------
     0 | D:1      | KamiKatze the Gargoyle Fighter began the quest for the Orb.
     0 | D:1      | Reached XP level 1. HP: 14/14 MP: 1/1
   223 | D:1      | Found Zetummutypp's Assorted Antiques.
   512 | D:1      | Reached skill level 2 in Axes
   516 | D:1      | Reached XP level 2. HP: 19/19 MP: 2/2
   641 | D:1      | Reached XP level 3. HP: 17/23 MP: 3/3
   658 | D:1      | You fall into a shaft and drop 1 floor!
   688 | D:2      | Identified the amulet of Disaster {*Slow Regen+ MP+9 Str+4
                  | SInv}
  1241 | D:1      | Found a faded altar of an unknown god.
  1512 | D:2      | Reached skill level 1 in Evocations
  1512 | D:2      | Reached XP level 4. HP: 28/28 MP: 4/4
  1653 | D:2      | Noticed Natasha
  1661 | D:2      | Killed Natasha
  1669 | D:2      | Reached skill level 1 in Throwing
  1735 | D:2      | Noticed Natasha
  1760 | D:2      | Killed Natasha
  1920 | D:2      | Noticed Natasha
  1929 | D:2      | Killed Natasha
  1930 | D:2      | Reached skill level 3 in Axes
  1930 | D:2      | Reached XP level 5. HP: 33/33 MP: 5/5
  1985 | D:1      | Bought a scroll labelled KESHOE ITUE for 17 gold pieces
  1985 | D:1      | Bought 2 murky purple potions for 30 gold pieces
  2630 | D:3      | Found a hide-covered altar of Uskayaw.
  2630 | D:3      | Noticed Sigmund
  2680 | D:3      | Killed Sigmund
  2681 | D:3      | Reached XP level 6. HP: 28/38 MP: 6/6
  2686 | D:3      | Reached skill level 4 in Axes
  2853 | D:3      | Identified the amulet of Vanity {Faith -Cast Harm rPois
                  | rC++ Will-}
  2933 | D:4      | Noticed Menkaure
  2943 | D:4      | Killed Menkaure
  2944 | D:4      | Reached XP level 7. HP: 22/43 MP: 7/7
  3137 | D:4      | Reached skill level 5 in Axes
  3448 | D:4      | Reached skill level 6 in Axes
  3645 | D:4      | Noticed Pikel
  3681 | D:4      | HP: 2/43 [Pikel/+0 whip of freezing (2)]
  3682 | D:4      | Killed Pikel
  3683 | D:4      | Reached skill level 7 in Axes
  3683 | D:4      | Reached XP level 8. HP: 4/48 MP: 8/8
  3969 | D:5      | Entered Level 5 of the Dungeon
  4147 | D:5      | Reached skill level 8 in Axes
  4306 | D:5      | Found an iron altar of Okawaru.
  4327 | Abyss:1  | Cast into level 1 of the Abyss (orc wizard)
  4368 | Abyss:1  | Noticed a tentacled starspawn
  4395 | Abyss:1  | Slain by a tentacled starspawn

Illustrated notes

Levels and vault maps discovered:
D:1:      minmay_arrival_nine_rooms, layout_loops_ring, serial_shops, shop,
          basic_ecumenical_altar
D:2:      layout_basic, uniq_natasha
D:3:      layout_loops_ring, eat_drink_and_be_merry_uskayaw, roderic_lattice_a,
          uniq_sigmund
D:4:      layout_basic, roderic_serpentine_path, minmay_crystal_room,
          uniq_pikel, uniq_menkaure
D:5:      layout_layer_cave, okawaru_gym_becter, serial_glass, glass_columns_a,
          glass_columns_c, corexii_leaking_fountain, serial_bayou_lake_a
Abyss:1:  base: D:2, abyss_greek_temple, hangedman_abyss_lost_library

Skill      XL: |  1  2  3  4  5  6  7  8 |
---------------+-------------------------+-----
Axes           | 2 3 4 7 8 |  8.3
Evocations     | 1 2 3 |  3.0
Throwing       | 1 2 |  2.0
Armour         | 4 |  4.0
Fighting       | 4 |  4.0
Shields        | 4 |  4.0

Action                   |  1- 3 |  4- 6 |  7- 9 || total
-------------------------+-------+-------+-------++-------
Melee: War axe           |   130 |   136 |   177 ||   443
  Use: Scroll            |     1 |    12 |     3 ||    16
       Potion            |       |     2 |     2 ||     4
Armor: Scale mail        |    53 |    77 |   109 ||   239
Dodge: Dodged            |    68 |    58 |   110 ||   236
Block: Buckler           |    24 |    32 |    24 ||    80
